 Dungeon Crawl Stone Soup version 0.31-a0-542-gdc2a67831c (webtiles) character file.

Game seed: 17313955944389109486

57852 AdnanSaban the Bludgeoner (level 14, -2/92 HPs)
             Began as a Gargoyle Fighter on Aug 14, 2023.
             Was the Champion of Okawaru.
             Slain by a sun demon (5 damage)
             ... summoned by an orc sorcerer
             ... on level 1 of the Orcish Mines.
             The game lasted 00:34:00 (25353 turns).

AdnanSaban the Bludgeoner (Gargoyle Fighter)       Turns: 25353, Time: 00:34:00

Health: -2/92      AC: 39    Str: 25    XL:     14   Next: 88%
Magic:  15/17      EV: 15    Int:  9    God:    Okawaru [******]
Gold:   1584       SH:  8    Dex: 14    Spells: 13/13 levels left

rFire   . . .        J - +1 morningstar (flame)
rCold   + . .        c - +0 buckler
rNeg    + + .        T - +6 scale mail of Impermeability {Dex+5}
rPois   ∞            y - +0 helmet
rElec   +            (no cloak)
rCorr   .            B - +0 pair of gloves
SInv    .            Y - +3 pair of mountain boots {steadfast, rC+}
Will    +....        (no amulet)
Stlth   ++           z - ring of positive energy
HPRegen 0.35/turn    F - +4 ring of protection
MPRegen 0.15/turn

%: no passive effects
@: heroic, flying
A: sickness immunity, AC +10, big wings, negative energy resistance 1,
electricity resistance, torment resistance 1, petrification resistance
a: Renounce Religion, Heroism, Finesse, Duel


You were on level 1 of the Orcish Mines.
You worshipped Okawaru.
Okawaru was exalted by your worship.
You visited 4 branches of the dungeon, and saw 20 of its levels.
You also visited: Bailey.

You collected 1584 gold pieces.

Inventory:

Hand Weapons
 J - a +1 morningstar of flaming (weapon)
Missiles
 G - 38 boomerangs
 K - 2 silver javelins
 P - 27 poisoned darts (quivered)
 Q - a curare-tipped dart
 W - a javelin
Armour
 c - a +0 buckler (worn)
 y - a +0 helmet (worn)
 B - a +0 pair of gloves (worn)
 T - the +6 scale mail of Impermeability (worn) {Dex+5}
   (Okawaru gifted it to you on level 12 of the Dungeon)

   Dex+5:     It affects your dexterity (+5).
 Y - the +3 pair of mountain boots (worn) {steadfast, rC+}
   (Okawaru gifted it to you on level 4 of the Lair of Beasts)

   Steadfast: It prevents involuntary movement, except for blinking,
   teleportation, or banishment.
   rC+:       It protects you from cold.
Jewellery
 z - a ring of positive energy (left hand)
 F - a +4 ring of protection (right hand)
Wands
 b - a wand of paralysis (23)
 n - a wand of light (10)
 H - a wand of flame (31)
 U - a wand of polymorph (6)
 V - a wand of iceblast (5)
 X - a wand of mindburst (9)
Scrolls
 a - a scroll of brand weapon {unknown}
 f - 2 scrolls of poison {unknown}
 g - 3 scrolls of fog {unknown}
 i - a scroll of blinking {unknown}
 k - 5 scrolls of torment {unknown}
 l - 4 scrolls of immolation {unknown}
 m - 3 scrolls of revelation {unknown}
 s - a scroll of silence {unknown}
 t - 23 scrolls of identify {unknown}
 v - 2 scrolls of noise {unknown}
 w - 2 scrolls of vulnerability {unknown}
 x - a scroll of summoning {unknown}
 C - 4 scrolls of fear {unknown}
 D - 7 scrolls of teleportation {unknown}
 I - 4 scrolls of amnesia {unknown}
 N - a scroll of enchant weapon {unknown}
 R - 2 scrolls of enchant armour {unknown}
 S - a scroll of acquirement {unknown}
Potions
 d - 3 potions of might
 e - 3 potions of ambrosia {unknown}
 h - 3 potions of haste {unknown}
 j - 7 potions of heal wounds {unknown}
 o - 3 potions of brilliance {unknown}
 p - a potion of degeneration {unknown}
 q - 6 potions of curing {unknown}
 r - 2 potions of berserk rage {unknown}
 u - 3 potions of cancellation {unknown}
 A - 3 potions of mutation {unknown}
 E - 3 potions of lignification {unknown}
 L - 2 potions of enlightenment {unknown}
 M - a potion of magic {unknown}
 O - 2 potions of attraction {unknown}


   Skills:
 + Level 12.4(17.4) Fighting
 + Level 16.1(21.1) Maces & Flails
 + Level 3.3(8.3) Throwing
 + Level 12.3(17.3) Armour
 + Level 6.0(11.0) Dodging
 + Level 2.6(7.6) Stealth
 + Level 10.6(15.6) Shields
 + Level 5.1 Invocations


You had 13 spell levels left.
You didn't know any spells.
Your spell library contained the following spells:

 Spells                   Type           Power      Damage    Failure   Level
 Necrotise                Necr           0%         1d4       61%         1
 Slow                     Hex            0%         N/A       61%         1
 Sting                    Tmut/Pois      0%         1d3       61%         1
 Blink                    Tloc           0%         N/A       75%         2
 Ensorcelled Hibernation  Hex/Ice        0%         N/A       75%         2
 Lesser Beckoning         Tloc           0%         N/A       75%         2
 Momentum Strike          Conj/Tloc      0%         3d8       75%         2
 Passwall                 Tmut/Erth      0%         N/A       75%         2
 Poisonous Vapours        Pois/Air       0%         N/A       75%         2
 Confusing Touch          Hex            0%         N/A       93%         3
 Gell's Gravitas          Tloc           0%         N/A       93%         3
 Ozocubu's Armour         Ice            0%         N/A       93%         3
 Swiftness                Air            0%         N/A       93%         3
 Teleport Other           Tloc           0%         N/A       93%         3
 Vampiric Draining        Necr           0%         2d6       93%         3
 Olgreb's Toxic Radiance  Pois           0%         N/A       100%        4
 Petrify                  Tmut/Erth      0%         N/A       100%        4
 Agony                    Necr           0%         N/A       100%        5
 Irradiate                Conj/Tmut      0%         3d11      100%        5
 Lee's Rapid Deconstruct  Erth           0%         3d4*      100%        5
 Metabolic Englaciation   Hex/Ice        0%         N/A       100%        5
 Dispersal                Tloc           0%         N/A       100%        6
 Orb of Destruction       Conj           0%         9d5       100%        7
 Sublimation of Blood     Necr           Unusable   N/A       N/A         2
 Summon Guardian Golem    Hex/Summ       Unusable   N/A       N/A         3
 Animate Armour           Summ/Erth      Unusable   N/A       N/A         4
 Summon Lightning Spire   Summ/Air       Unusable   N/A       N/A         4
 Simulacrum               Ice/Necr       Unusable   N/A       N/A         6
 Spellforged Servitor     Conj/Summ      Unusable   N/A       N/A         7

Dungeon Overview and Level Annotations

Branches:
Dungeon (12/15)            Temple (1/1) D:6            Lair (5/5) D:11
 Shoals (0/4) Lair:2       Spider (0/4) Lair:3        Slime (0/5) Lair:5
    Orc (2/2) D:11            Elf (0/3) Orc:2        Bailey (visited)

Altars:
Ashenzari
Cheibriados
Dithmenos
Elyvilon
Fedhas
Gozag
Hepliaklqana
Kikubaaqudgha
Makhleb
Nemelex Xobeh
Okawaru
Qazlal
Ru
Sif Muna
Trog
Uskayaw
Vehumet
Wu Jian
Xom
Yredelemnul
Zin
The Shining One

Shops:
D:5 *   D:6 :*   Orc:2 :!*=

Annotations:
D:12 2 runed translucent doors


Innate Abilities, Weirdness & Mutations

You are immune to sickness and miasma.
Your stone body is resilient. (AC +10)
You are immune to poison.
Your large and strong wings let you fly.
You resist negative energy. (rN+)
You are resistant to electric shocks. (rElec)
You are resistant to unholy torment.
You are immune to petrification.


Message History

The orc sorcerer gestures at you while chanting.
You resist with some effort. The smoke demon gestures at you.
The sticky flame hits you but does no damage.
You are covered in liquid flames!
You miss the orc sorcerer.
You are covered in liquid flames!
The sun demon hits you!
You are engulfed in flames!
The orc sorcerer casts a spell.
You puncture the orc sorcerer! You burn the orc sorcerer!
The orc sorcerer is severely wounded.
You are covered in liquid flames!
The sun demon hits you.
You are engulfed in flames!
The smoke demon gestures at you. Something smites you!
The orc sorcerer wildly gestures.
You feel troubled.
The orc sorcerer hits you but does no damage.
The orc sorcerer attacks as you move away!
The orc sorcerer hits you but does no damage.
You are covered in liquid flames!
* * * LOW HITPOINT WARNING * * *
The sun demon hits you.
* * * LOW HITPOINT WARNING * * *
You are engulfed in flames!
* * * LOW HITPOINT WARNING * * *
The orc sorcerer attacks as you move away!
The orc sorcerer barely misses you. The sun demon attacks as you move away!
The sun demon hits you but does no damage.
You are covered in liquid flames!
* * * LOW HITPOINT WARNING * * *
You are no longer on fire.
The sun demon misses you.
There is a stone staircase leading down here.
You barely miss the orc sorcerer.
The orc sorcerer is severely wounded.
You gain the combat prowess of a mighty hero.
The sun demon barely misses you. You block the orc sorcerer's attack.
The sun demon hits you.
You die...

##.#...#.##.####
...#........#.##
##..#.......#...#
#..........$....#
#..............##
##...............
#.....##4........
#......33@...#
.........o....#
#.....#.......$#
##......#...#...#
#$.............#
............##.##
........#.... #
..###..###..##


You could see a sun demon (summoned), an ice devil (summoned), a smoke demon
(summoned) and an orc sorcerer.

Vanquished Creatures
  A fire dragon (Lair:5)
  5 hydras
  3 centaur warriors
  3 boulder beetles
  A catoblepas (Lair:5)
  4 two-headed ogres
  3 skysharks
  A wizard (D:12)
  A lindwurm (Lair:5)
  2 orc knights
  2 cyclopes (D:12)
  4 orc sorcerers
  3 ugly things
  A deep elf pyromancer (D:12)
  3 manticores
  5 torpor snails (Lair:5)
  Joseph (D:7)
  8 elephants
  Maggie (D:7)
  11 cane toads
  4 black mambas
  An unseen horror (D:12)
  Psyche (D:8)
  A kobold demonologist (D:11)
  6 komodo dragons
  A tengu conjurer (D:12)
  4 tyrant leeches (Lair:5)
  A meliai (D:12)
  6 trolls
  9 hornets
  4 polar bears
  4 blink frogs (Lair:4)
  5 dream sheep (Lair:5)
  A shadow (D:10)
  A slime creature (D:12)
  A jumping spider (Lair:3)
  A vampire (D:11)
  4 wraiths
  33 yaks
  A spriggan (shapeshifter) (D:12)
  A human (Bailey)
  3 wyverns
  A human (shapeshifter) (D:12)
  2 basilisks
  A fire elemental (Lair:5)
  6 steam dragons
  2 vampire mosquitoes (D:12)
  Menkaure (D:7)
  15 water moccasins
  2 acid dragons
  A black bear (Lair:3)
  2 ice beasts
  A sky beast (D:6)
  30 orc warriors
  3 ogres
  13 wolves
  16 centaurs
  2 kobold brigands (D:11)
  4 phantoms (D:5)
  25 bullfrogs
  5 scorpions
  A gnoll sergeant (D:10)
  13 wights
  14 killer bees
  2 electric eels (Lair:2)
  4 howler monkeys
  4 hounds
  2 lava snakes (Lair:5)
  6 jellies
  A gnoll bouda (D:6)
  14 orc priests
  4 iguanas
  Ijyb (D:3)
  Natasha (thrice) (D:3)
  2 sleepcaps
  11 orc wizards
  A hell rat (Lair:4)
  14 gnolls
  8 adders
  A shadow imp (D:7)
  2 white imps
  2 ufetubi
  A dart slug (D:3)
  62 orcs
  5 bats
  6 endoplasms
  A giant cockroach (D:3)
  8 hobgoblins
  4 jackals (D:2)
  3 ball pythons
  6 frilled lizards
  9 goblins
  13 kobolds
  3 rats
519 creatures vanquished.

Vanquished Creatures (others)
  An unseen horror (shapeshifter) (D:12)
  A shadow (D:12)
  An orc wizard (D:10)
  2 gnolls (D:6)
  An adder (D:6)
  An orc (Orc:2)
7 creatures vanquished.

Grand Total: 526 creatures vanquished

Notes
Turn   | Place    | Note
-------+----------+-------------------------------------------
     0 | D:1      | AdnanSaban the Gargoyle Fighter began the quest for the
                  | Orb.
     0 | D:1      | Reached XP level 1. HP: 14/14 MP: 1/1
   214 | D:1      | Reached XP level 2. HP: 18/19 MP: 2/2
  1057 | D:2      | Reached XP level 3. HP: 22/24 MP: 3/3
  1216 | D:2      | Reached XP level 4. HP: 14/29 MP: 4/4
  1290 | D:2      | Reached skill level 3 in Maces & Flails
  1543 | D:2      | You fall into a shaft and drop 1 floor!
  1938 | D:3      | Reached XP level 5. HP: 33/33 MP: 5/5
  1996 | D:3      | Noticed Natasha
  2007 | D:3      | Killed Natasha
  2123 | D:3      | Noticed Ijyb
  2154 | D:3      | Paralysed by Ijyb for 2 turns
  2161 | D:3      | Paralysed by Ijyb for 2 turns
  2167 | D:3      | Killed Ijyb
  2307 | D:3      | Reached XP level 6. HP: 36/38 MP: 6/6
  2466 | D:3      | Found a hazy altar of Hepliaklqana.
  2507 | D:3      | Noticed Natasha
  2527 | D:3      | Killed Natasha
  2528 | D:3      | Reached skill level 4 in Maces & Flails
  2606 | D:3      | Noticed Natasha
  2612 | D:3      | Killed Natasha
  2875 | D:4      | Reached skill level 5 in Maces & Flails
  2875 | D:4      | Reached skill level 5 in Armour
  2875 | D:4      | Reached XP level 7. HP: 41/44 MP: 7/7
  3426 | D:5      | Entered Level 5 of the Dungeon
  3476 | D:5      | Reached skill level 6 in Maces & Flails
  3631 | D:5      | Reached XP level 8. HP: 44/48 MP: 8/8
  3886 | D:5      | Found Jiahaeg's CLEARANCE SALE!.
  4014 | D:5      | Reached skill level 5 in Fighting
  4014 | D:5      | Reached skill level 7 in Maces & Flails
  4247 | D:6      | Found a staircase to the Ecumenical Temple.
  4274 | Temple   | Entered the Ecumenical Temple
  4287 | Temple   | Reached skill level 1 in Dodging
  4310 | Temple   | Became a worshipper of Warmaster Okawaru
  4413 | Temple   | Reached skill level 1 in Stealth
  4891 | D:5      | Reached skill level 5 in Shields
  5159 | D:5      | Reached XP level 9. HP: 54/54 MP: 9/9
  5171 | D:6      | Reached * piety under Okawaru
  5172 | D:6      | Reached skill level 8 in Maces & Flails
  5338 | D:6      | Found Umuewnan's Book Shoppe.
  5515 | D:6      | Found a blossoming altar of Fedhas.
  5516 | D:6      | Found a stormy altar of Qazlal.
  5516 | D:6      | Found an opulent altar of Gozag.
  5516 | D:6      | Found a hide-covered altar of Uskayaw.
  5884 | D:6      | Found Puduameu's General Store.
  6444 | D:7      | Found a white marble altar of Elyvilon.
  6553 | D:6      | Reached ** piety under Okawaru
  6741 | D:7      | Noticed Menkaure
  6747 | D:7      | Killed Menkaure
  6748 | D:7      | Reached skill level 9 in Maces & Flails
  7193 | D:7      | Noticed Maggie
  7211 | D:7      | Killed Maggie
  7211 | D:7      | Reached *** piety under Okawaru
  7212 | D:7      | Reached XP level 10. HP: 25/61 MP: 10/10
  7386 | D:7      | Reached skill level 10 in Maces & Flails
  7772 | D:7      | Noticed Joseph
  7785 | D:7      | Killed Joseph
  7786 | D:7      | Reached skill level 1 in Throwing
  8198 | D:8      | Noticed Psyche
  8617 | D:8      | Found a basalt altar of Yredelemnul.
  8775 | D:8      | Found a broken altar of Ashenzari.
  8830 | D:8      | Reached **** piety under Okawaru
  8885 | D:8      | Killed Psyche
  9259 | D:9      | Found a flagged portal.
  9269 | Bailey   | Entered a bailey
  9314 | Bailey   | Reached skill level 1 in Invocations
  9547 | Bailey   | Noticed a vault guard
  9547 | Bailey   | Noticed Prince Ribbit
 10171 | D:9      | Noticed a two-headed ogre
 10185 | D:10     | Entered Level 10 of the Dungeon
 10202 | D:10     | Reached XP level 11. HP: 29/68 MP: 12/12
 10420 | D:10     | Reached ***** piety under Okawaru
 10632 | D:10     | Reached skill level 11 in Maces & Flails
 11766 | D:9      | Noticed a two-headed ogre
 11779 | D:9      | Killed a two-headed ogre
 12475 | D:11     | Noticed a manticore
 12497 | D:11     | Killed a manticore
 12519 | D:11     | Noticed a two-headed ogre
 12541 | D:11     | Killed a two-headed ogre
 12627 | D:11     | Noticed a two-headed ogre
 12693 | D:11     | Killed a two-headed ogre
 12775 | D:11     | Noticed a manticore
 12785 | D:11     | Noticed a boulder beetle
 12812 | D:11     | Noticed a manticore
 12820 | D:11     | Killed a boulder beetle
 12821 | D:11     | Reached skill level 12 in Maces & Flails
 12826 | D:11     | Reached skill level 5 in Invocations
 13094 | D:10     | Killed a manticore
 13154 | D:10     | Killed a manticore
 13154 | D:10     | Received a gift from Okawaru
 13163 | D:11     | Reached XP level 12. HP: 76/76 MP: 15/15
 13261 | D:11     | Reached skill level 10 in Armour
 13672 | D:11     | Found a staircase to the Orcish Mines.
 13775 | D:11     | Found a staircase to the Lair.
 14187 | D:12     | Noticed a boulder beetle
 14216 | D:12     | Killed a boulder beetle
 14216 | D:12     | Reached ****** piety under Okawaru
 14483 | D:12     | Identified the +6 scale mail of Impermeability {Dex+5}
                  | (Okawaru gifted it to you on level 12 of the Dungeon)
 14483 | D:12     | Received a gift from Okawaru
 14654 | D:12     | Found a shimmering blue altar of Sif Muna.
 14860 | D:12     | Noticed a centaur warrior
 15015 | D:11     | Reached skill level 13 in Maces & Flails
 15172 | D:12     | Killed a centaur warrior
 15574 | D:12     | Found a runed translucent door.
 15580 | D:12     | Found a runed translucent door.
 15592 | D:12     | Found a runed translucent door.
 15597 | D:12     | Noticed a centaur warrior
 15771 | Lair:1   | Entered Level 1 of the Lair of Beasts
 15841 | Lair:1   | Reached skill level 10 in Fighting
 16624 | Lair:1   | You fall into a shaft and drop 1 floor!
 16642 | Lair:1   | Reached XP level 13. HP: 78/83 MP: 16/16
 17379 | Lair:2   | Reached skill level 14 in Maces & Flails
 17893 | Lair:2   | Received a gift from Okawaru
 17917 | Lair:2   | Found a staircase to the Shoals.
 18870 | Lair:3   | Found a hole to the Spider Nest.
 19663 | Lair:4   | Received a gift from Okawaru
 20130 | Lair:4   | Received a gift from Okawaru
 20130 | Lair:4   | Found the +3 pair of mountain boots {steadfast, rC+}
 20346 | Lair:5   | Entered Level 5 of the Lair of Beasts
 20506 | Lair:4   | Reached skill level 15 in Maces & Flails
 20643 | Lair:5   | Gained mutation: Your large and strong wings let you fly.
                  | [Gargoyle growth]
 20643 | Lair:5   | Reached XP level 14. HP: 79/90 MP: 17/17
 20823 | Lair:5   | Reached skill level 5 in Dodging
 21155 | Lair:5   | Found a staircase to the Slime Pits.
 21400 | Lair:5   | Found a runed translucent door.
 21465 | Lair:5   | Reached skill level 10 in Shields
 22403 | Lair:5   | Received a gift from Okawaru
 23116 | Orc:1    | Entered Level 1 of the Orcish Mines
 23343 | Orc:2    | Entered Level 2 of the Orcish Mines
 23597 | Orc:2    | Found a staircase to the Elven Halls.
 23610 | Orc:2    | Paralysed by an orc sorcerer for 5 turns
 23620 | Orc:2    | Reached skill level 16 in Maces & Flails
 24588 | Orc:2    | Received a gift from Okawaru
 24964 | Orc:2    | Found Fishrib's Distillery.
 24964 | Orc:2    | Found Biolaxy's Assorted Antiques.
 24964 | Orc:2    | Found Sukeug's Jewellery Shoppe.
 24982 | Orc:2    | Found Idaddef's Book Shop.
 25350 | Orc:1    | HP: 1/92 [burnt (4)]
 25353 | Orc:1    | Slain by a sun demon

Illustrated notes

Levels and vault maps discovered:
D:1:      matt_arrival_spirals, layout_basic
D:2:      minmay_spotlight, layout_loops_ring, nicolae_grassy_gnolls
D:3:      layout_loops_cross, lemuel_round_altar, uniq_ijyb, uniq_natasha
D:4:      layout_loops_ring
D:5:      layout_loops_ring, minmay_misc_feat_secret_circle,
          nicolae_shop_clearance
D:6:      layout_basic, chequers_temple_overflow_statue_of_worship,
          minmay_temple_entry_overgrown, serial_shops, nicolae_take_the_stairs,
          minmay_misc_feat_room, kennysheep_windowed_goal
D:7:      layout_loops_ring, mainiacjoe_overflow_catwalk, uniq_menkaure,
          uniq_joseph, uniq_maggie
D:8:      layout_loops_ring, mainiacjoe_overflow_brackets, ashenzari_altar_1,
          serial_rivers, chequers_serial_rivers_micro_d,
          chequers_serial_rivers_marsh, chequers_serial_rivers_marsh,
          chequers_serial_rivers_small_b, chequers_serial_rivers_marsh,
          chequers_serial_rivers_room_b, minivault_23, minivault_26, uniq_psyche
D:9:      layout_layer_cave, enter_bailey_6
D:10:     layout_loops_corners
D:11:     layout_big_octagon, david_lair_shrubbed, david_orc_5
D:12:     minmay_the_grid_triangle_9x9_recursive_3_mashed
          [minmay_the_grid_triangle_9x9_wacky_v,
          minmay_the_grid_triangle_9x9_windchime,
          minmay_the_grid_triangle_9x9_tough_junction,
          minmay_the_grid_triangle_9x9_prize_top_heavy,
          minmay_the_grid_triangle_9x9_stretched_checkered,
          minmay_the_grid_triangle_9x9_corruption,
          minmay_the_grid_triangle_9x9_intruding_spiral,
          minmay_the_grid_triangle_9x9_shrine,
          minmay_the_grid_triangle_9x9_subtriangle], layout_loops_ring,
          nicolae_sif_muna_little_library
Temple:   compressed_dpeg_circular_temple
Lair:1:   statuecave_lemuel, layout_layer_cave, chequers_serial_rivers_room_a,
          chequers_serial_rivers_large_a, minmay_holes, lemuel_fruit_tree
Lair:2:   layout_chaotic_city, elwin_shoals_entry_rooms, guppyfry_lair_drakes
Lair:3:   layout_cave_pods, spider_nest_entry_rubble,
          pdpol_lair_neglected_garden, chequers_serial_rivers_micro_c
Lair:4:   layout_long_grid, st_stairs_4, beast_lair_carwin_9,
          lemuel_fruit_fields
Lair:5:   wormcave, layout_gridlike, slime_entry_1
Orc:1:    nicolae_orc_accident_1, layout_caves, basic_altar, uniq_gastronok,
          uniq_erolcha
Orc:2:    st_orc_rangers, layout_diamond_mine, mines1_david

Skill      XL: |  1  2  3  4  5  6  7  8  9 10 11 12 13 14 |
---------------+-------------------------------------------+-----
Armour         | 4 5 6 7 8 9 11 12 | 12.3
Maces & Flails | 3 5 6 7 9 10 12 13 15 16 | 16.1
Fighting       | 4 5 6 8 9 10 11 12 | 12.4
Shields        | 4 5 6 7 8 9 10 | 10.6
Dodging        | 1 3 4 6 |  6.0
Stealth        | 1 2 |  2.6
Throwing       | 2 3 |  3.3
Invocations    | 2 5 |  5.1

Action                     |  1- 3 |  4- 6 |  7- 9 | 10-12 | 13-15 || total
---------------------------+-------+-------+-------+-------+-------++-------
  Melee: Flail             |    81 |   206 |   392 |   189 |       ||   868
         Morningstar       |       |       |       |   603 |   989 ||  1592
  Throw: Throwing net      |       |     1 |       |       |       ||     1
         Dart              |       |       |     5 |    24 |     3 ||    32
         Boomerang         |       |       |     5 |     1 |       ||     6
 Invoke: Heroism           |       |       |       |     2 |     2 ||     4
 Armour: Scale mail        |    36 |    46 |       |   135 |   692 ||   909
         Plate armour      |       |    99 |   348 |   526 |       ||   973
  Dodge: Dodged            |    24 |    87 |   154 |   316 |   564 ||  1145
  Block: Buckler           |    17 |    56 |   105 |   199 |   343 ||   720

Table legend: (Time is in decaauts)
 A = Elapsed time spent in this place.
 B = Non-inter-level travel time spent in this place.
 C = Inter-level travel time spent in this place.
 D = Time resting spent in this place.
 E = Time spent auto-exploring this place.
 F = Levels seen in this place.
 G = Mean time per level.
                   A        B        C        D        E       F      G
               +--------+--------+--------+--------+--------+-----+--------+
         Total |  25253 |  23671 |   1582 |   2907 |  15694 |  21 | 1202.5 |
       Dungeon |  15512 |  14380 |   1132 |   1749 |   9526 |  12 | 1292.7 |
        Temple |    315 |    278 |     37 |    213 |      0 |   1 |  315.0 |
          Lair |   6972 |   6647 |    325 |    180 |   5385 |   5 | 1394.4 |
  Orcish Mines |   2149 |   2062 |     87 |    649 |    782 |   2 | 1074.5 |
        Bailey |    303 |    303 |      0 |    116 |      0 |   1 |  303.0 |
               +--------+--------+--------+--------+--------+-----+--------+

Top non-repeatable levels by time:
  Lair:5: 2011 daAuts
    D:10: 1880 daAuts
    D:12: 1638 daAuts
    D:11: 1568 daAuts
     D:7: 1491 daAuts
  Lair:1: 1467 daAuts
     D:6: 1419 daAuts
     D:9: 1370 daAuts
     D:5: 1342 daAuts
  Lair:3: 1198 daAuts
  Lair:2: 1179 daAuts
  Lair:4: 1115 daAuts
   Orc:2: 1099 daAuts
     D:8: 1091 daAuts
   Orc:1: 1050 daAuts
